 Dungeon Crawl Stone Soup version 0.24-a0-139-geb6712d24a (webtiles) character file.

Game seed: 3029342176592617934

272 Hercules1031 the Skirmisher (level 6, -6/48 HPs)
             Began as a Demonspawn Fighter on Mar 2, 2019.
             Mangled by a worker ant simulacrum (7 damage)
             ... on level 4 of the Dungeon.
             The game lasted 00:06:59 (2856 turns).

Hercules1031 the Skirmisher (Demonspawn Fighter)    Turns: 2856, Time: 00:07:00

Health: -6/48      AC:  8    Str: 23    XL:     6   Next: 2%
Magic:  0/6        EV:  8    Int: 14    God:
Gold:   172        SH: 10    Dex: 13    Spells: 5/5 levels left

rFire    . . .     SeeInvis .   a - +0 war axe
rCold    . . .     Gourm    .   c - +0 shield
rNeg     . . .     Faith    .   b - +0 scale mail
rPois    .         Spirit   +   (helmet restricted)
rElec    .         Reflect  .   r - scarf {Spirit}
rCorr    .         Harm     .   (no gloves)
MR       .....                  (no boots)
Stlth    ..........             (no amulet)
HPRegen  0.16/turn              (no ring)
MPRegen  0.10/turn              (no ring)

@: mighty, brilliant, flying
A: horns 2, icy blue scales 1, demonic guardian 1
a: no special abilities


You were on level 4 of the Dungeon.
You were not hungry.

You visited 1 branch of the dungeon, and saw 4 of its levels.
You also visited: Sewer.

You collected 172 gold pieces.

Inventory:

Hand Weapons
 a - a +0 war axe (weapon)
Armour
 b - a +0 scale mail (worn)
 c - a +0 shield (worn)
 g - a scarf of repulsion
 r - a scarf of spirit shield (worn)
Jewellery
 y - a cursed -5 ring of intelligence {unknown}
Wands
 p - a wand of random effects (13)
Scrolls
 e - 4 scrolls of teleportation {unknown}
 h - 4 scrolls of amnesia {unknown}
 j - a scroll of fear {unknown}
 k - 7 scrolls of identify {unknown}
 n - 2 scrolls of enchant armour {unknown}
 o - 3 scrolls of fog {unknown}
 u - a scroll of noise {unknown}
 w - a scroll of remove curse {unknown}
 x - a scroll of blinking {unknown}
 z - a scroll of magic mapping {unknown}
Potions
 i - a potion of curing {unknown}
 l - 6 potions of flight
 m - a potion of mutation {unknown}
 q - a potion of heal wounds {unknown}
 s - a potion of lignification {unknown}
 t - a potion of ambrosia {unknown}
Comestibles
 f - 2 rations


   Skills:
 + Level 3.9 Fighting
 + Level 2.9 Axes
 + Level 3.6 Armour
 + Level 2.2 Dodging
 + Level 3.7 Shields


You had 5 spell levels left.
You didn't know any spells.
Your spell library was empty.

Dungeon Overview and Level Annotations

Branches:
Dungeon (4/15)
 Temple: D:4-7

Altars:
Ashenzari
Elyvilon
Okawaru
Xom

Shops:
D:4 %

Annotations:
D:4 elum's ghost, amateur DsWz


Innate Abilities, Weirdness & Mutations

You have a pair of horns on your head.
You are partially covered in icy blue scales. (AC +2)
A weak demonic guardian rushes to your aid.


Message History

The bullfrog simulacrum closely misses you.
It was a potion of flight.
You feel very buoyant.
You fly up into the air.
You block the bullfrog simulacrum's attack.
You block the worker ant simulacrum's attack.
Elum's ghost hits you.
* * * LOW HITPOINT WARNING * * *
The white imp hits you.
* * * LOW HITPOINT WARNING * * *
The white imp freezes you.
* * * LOW HITPOINT WARNING * * *
The bullfrog simulacrum closely misses you.
Your white imp completely misses the worker ant simulacrum.
It was a potion of brilliance.
You feel clever all of a sudden. You block elum's ghost's attack.
The worker ant simulacrum bites you.
* * * LOW HITPOINT WARNING * * *
The worker ant simulacrum freezes you!
You die...

#.#..##.......##.......
#.#.##.........#...##..
#...#..........##.###..
#..##....####...#..##..
#..#...###?)##..##....#
##.#..##.....##..#.....
#..#..#...=... ..#.....
#.##..#W.....# #.....
#.#...@ZZ..# ##...#.
#.##..5Z5..... #....#.
#..###..####.. ##.....#
##...#### .#####.....##
#.#.................##
#.####.... ........###
#.. ... .........##
.#.. . .........#. .
... ...........


You could see elum's ghost, a white imp, a bullfrog simulacrum, a worker ant
simulacrum, a centaur simulacrum and a friendly white imp.

Vanquished Creatures
  An ice beast (D:4)
  Natasha (twice) (D:3)
  Robin (D:4)
  2 adders
  2 river rats (D:3)
  A worker ant simulacrum (D:4)
  An ooze (D:3)
  A worm (D:3)
  An adder skeleton (D:4)
  3 dart slugs
  3 leopard geckos
  An orc (D:3)
  7 giant cockroaches
  11 goblins
  5 hobgoblins
  4 jackals (Sewer)
  A quokka (D:3)
  3 ball pythons
  10 bats
  3 frilled lizards
  A jackal skeleton (D:4)
  A kobold (D:1)
  6 rats
  A butterfly (D:2)
72 creatures vanquished.

Notes
Turn   | Place    | Note
-------+----------+-------------------------------------------
     0 | D:1      | Hercules1031 the Demonspawn Fighter began the quest for the
                  | Orb.
     0 | D:1      | Reached XP level 1. HP: 18/18 MP: 1/1
   323 | D:1      | Gained mutation: You have a pair of small horns on your
                  | head. [demonic ancestry]
   323 | D:1      | Reached XP level 2. HP: 21/24 MP: 2/2
   779 | D:2      | Found a shimmering altar of Xom.
  1036 | D:2      | Found a white marble altar of Elyvilon.
  1036 | D:2      | Found a shattered altar of Ashenzari.
  1062 | D:2      | Reached skill level 1 in Dodging
  1062 | D:2      | Gained mutation: You have a pair of horns on your head.
                  | [demonic ancestry]
  1062 | D:2      | Reached XP level 3. HP: 28/29 MP: 3/3
  1510 | D:3      | Found a glowing drain.
  1528 | Sewer    | Entered a sewer
  1675 | Sewer    | Reached XP level 4. HP: 30/35 MP: 2/4
  2144 | D:3      | You fall through a shaft!
  2189 | D:3      | Found a faded altar of an unknown god.
  2226 | D:3      | Noticed Natasha
  2230 | D:3      | Killed Natasha
  2325 | D:3      | Noticed Natasha
  2334 | D:3      | Killed Natasha
  2334 | D:3      | Gained mutation: You are partially covered in icy blue
                  | scales. (AC +2) [demonic ancestry]
  2334 | D:3      | Reached XP level 5. HP: 14/42 MP: 1/5
  2399 | D:3      | Found an iron altar of Okawaru.
  2461 | D:4      | Noticed Robin
  2475 | D:4      | Killed Robin
  2770 | D:4      | Found a runed translucent gate.
  2771 | D:4      | Found a runed translucent gate.
  2772 | D:4      | Found a runed translucent gate.
  2808 | D:4      | Found Uraor's Food Emporium.
  2848 | D:4      | Noticed elum's ghost (amateur DsWz)
  2848 | D:4      | Noticed an ice beast
  2854 | D:4      | Killed an ice beast
  2854 | D:4      | Gained mutation: A weak demonic guardian rushes to your
                  | aid. [demonic ancestry]
  2854 | D:4      | Reached XP level 6. HP: 19/48 MP: 2/6
  2855 | D:4      | HP: 2/48 [white imp (2)]
  2856 | D:4      | Mangled by a worker ant simulacrum

Levels and vault maps discovered:
D:1:      wander_arrival_desolate, layout_loops_ring, minmay_cut_off
D:2:      layout_basic, xom_butterflies,
          chequers_temple_overflow_statue_of_worship
D:3:      layout_rooms, lemuel_round_altar, chequers_ecumenical_altar_lobes,
          portal_sewer_entry_b, uniq_natasha
D:4:      layout_cave_pools, minmay_temple_entry_nine_rooms, serial_shops, shop,
          gammafunk_ghost_icy, fedhas_altar_1, uniq_menkaure, uniq_robin
Sewer:    sewer_fruit_machine

Skill      XL: |  1  2  3  4  5 |
---------------+----------------+-----
Axes           | 2 |  2.9
Dodging        | 1 2 |  2.2
Shields        | 3 |  3.7
Armour         | 3 |  3.6
Fighting       | |  3.9

Action                   |  1- 3 |  4- 6 || total
-------------------------+-------+-------++-------
Melee: War axe           |   122 |    78 ||   200
       Headbutt          |    10 |    14 ||    24
  Use: Potion            |       |     3 ||     3
  Eat: Ration            |     1 |     1 ||     2
Armor: Scale mail        |    86 |    57 ||   143
Dodge: Dodged            |    45 |    51 ||    96
Block: Shield            |    89 |    72 ||   161

Table legend:
 A = Non-vault XP
 B = Vault XP
 C = Vault XP percentage of total XP
 D = Non-vault monster count
 E = Vault monster count
 F = Vault count percentage of total count
                 A         B        C        D         E       F
            +---------+---------+-------+---------+---------+-------
      Total |     130 |     259 |  66.6 |      37 |      34 |  47.9
            +---------+---------+-------+---------+---------+-------
        D:1 |      20 |       1 |   4.8 |      12 |       1 |   7.7
        D:2 |      27 |       0 |   0.0 |      10 |       0 |   0.0
        D:3 |      64 |      68 |  51.5 |      12 |       5 |  29.4
        D:4 |      19 |     163 |  89.6 |       3 |      13 |  81.2
      Sewer |       0 |      27 | 100.0 |       0 |      15 | 100.0
            +---------+---------+-------+---------+---------+-------
